 Dungeon Crawl Stone Soup version 0.28-a0-1292-gb4563b27b3 (webtiles) character file.

Game seed: 6768398630901130388

120 ChaosChampion the Insei (level 5, -2/33 HPs)
             Began as an Octopode Transmuter on Dec 27, 2021.
             Succumbed to a scorpion's poison
             ... on level 3 of the Dungeon.
             The game lasted 00:02:58 (2267 turns).

ChaosChampion the Insei (Octopode Transmuter)       Turns: 2267, Time: 00:03:00

Health: -2/33      AC:  3    Str:  9    XL:     5   Next: 4%
Magic:  7/8        EV: 13    Int: 17    God:
Gold:   143        SH:  0    Dex: 13    Spells: 5/8 levels left

rFire   . . .      SeeInvis .     - Unarmed
rCold   . . .      Faith    .   (no shield)
rNeg    . . .      Spirit   .   (helmet currently unavailable)
rPois   .          Reflect  .   (no amulet)
rElec   .          Harm     .   (no ring)
rCorr   .          Rampage  .   (no ring)
Will    .....                   (no ring)
Stlth   ++........              (no ring)
HPRegen 0.11/turn               (no ring)
MPRegen 0.11/turn               (no ring)
                                (no ring)
                                (no ring)

@: lethally poisoned (-2 -> -22), appendages (expiring)
A: tentacle spike 3, almost no armour, amphibious, 8 rings, camouflage 1,
gelatinous body 1, (nimble swimmer 1), tentacles, iridescent scales 1,
MP-powered wands
a: End Transformation


You were on level 3 of the Dungeon.
One of your tentacles had grown a beastly spike.
You visited 1 branch of the dungeon, and saw 4 of its levels.

You collected 143 gold pieces.

Inventory:

Missiles
 h - 3 boomerangs of dispersal (quivered)
Scrolls
 b - a scroll of teleportation {unknown}
 c - 5 scrolls of identify {unknown}
 e - a scroll of immolation {unknown}
Potions
 a - 2 potions of heal wounds {unknown}
 d - a potion of ambrosia {unknown}
 f - a potion of mutation
 g - a potion of curing {unknown}
 i - 2 potions of might {unknown}


   Skills:
 - Level 1.0 Fighting
 - Level 2.0 Dodging
 * Level 4.8 Unarmed Combat
 - Level 2.0 Spellcasting
 + Level 3.2 Transmutations


You had 5 spell levels left.
You knew the following spells:

 Your Spells              Type           Power      Damage    Failure   Level
a - Beastly Appendage     Tmut           24%        N/A       4%          1
b - Wereblood             Tmut           12%        N/A       8%          2

Your spell library contained the following spells:

 Spells                   Type           Power      Damage    Failure   Level
 Spider Form              Tmut/Pois      7%         N/A       30%         3
 Ice Form                 Ice/Tmut       7%         N/A       69%         4


Dungeon Overview and Level Annotations

Branches:
Dungeon (4/15)
 Temple: D:4-7

Altars:
Qazlal
Xom


Innate Abilities, Weirdness & Mutations

One of your tentacles has grown a beastly spike.
You cannot wear most types of armour.
You are amphibious.
You can wear up to eight rings at the same time.
Your skin changes colour to match your surroundings (Stealth+).
Your rubbery body absorbs attacks. (AC +1, EV +1)
((You are camouflaged when in or above water. (Stealth+)))
You have tentacles for arms and can constrict up to eight enemies at once.
You are partially covered in iridescent scales. (AC +2)
You expend magic power (3 MP) to strengthen your wands.


Message History

Confirm with . or Enter, or press ? or * to list all spells.
One of your tentacles grows a vicious spike.
You barely miss the scorpion. You grab the scorpion.
You pierce the scorpion, but do no damage.
You constrict the scorpion. The scorpion stings you!
You are poisoned.
The scorpion poisons you!
You tentacle-slap the scorpion but do no damage.
You pierce the scorpion.
You squeeze the scorpion, but do no damage.
The scorpion is lightly wounded.
Your transformation is almost over.
You constrict the scorpion, but do no damage.
You feel sick. The scorpion closely misses you.
You tentacle-slap the scorpion.
You pierce the scorpion.
The scorpion is moderately wounded.
You constrict the scorpion.
You feel sick. The scorpion stings you!
You tentacle-slap the scorpion.
You pierce the scorpion.
The scorpion is severely wounded.
You constrict the scorpion.
You feel sick. The scorpion barely misses you.
You tentacle-slap the scorpion.
The scorpion is severely wounded.
You constrict the scorpion. The scorpion stings you.
* * * LOW HITPOINT WARNING * * *
You are lethally poisoned!
The scorpion poisons you!
You tentacle-slap the scorpion but do no damage.
The scorpion is almost dead.
You constrict the scorpion, but do no damage.
* * * LOW HITPOINT WARNING * * *
You feel very sick. The scorpion stings you.
* * * LOW HITPOINT WARNING * * *
You are more poisoned.
The scorpion poisons you!
It was a potion of mutation.
You feel extremely strange.
You feel your magical essence link to the dungeon's wands.
Iridescent scales grow over part of your body.
You constrict the scorpion.
You die...

#♣.♣# #...#
#...############
#♣.♣#.........#
#...#.........#
#♣.8#.......(.#
#...#.........#
#♣.♣#.........#
#...#.........#
#♣@♣#.........#
#.s.#†........#
#8.♣#b........#####
#...#..s...........
##...†#######......
###### #......
#.b.... #...s.<
#......


You could see a scorpion.

Vanquished Creatures
  A howler monkey (D:3)
  Robin (D:3)
  2 dart slugs
  5 bats
  7 endoplasms
  3 giant cockroaches
  12 goblins
  6 hobgoblins
  2 jackals (D:3)
  A quokka (D:1)
  8 ball pythons
  2 frilled lizards
  5 kobolds
  5 rats
60 creatures vanquished.

Notes
Turn   | Place    | Note
-------+----------+-------------------------------------------
     0 | D:1      | ChaosChampion the Octopode Transmuter began the quest for
                  | the Orb.
     0 | D:1      | Reached XP level 1. HP: 13/13 MP: 3/3
   309 | D:1      | Reached XP level 2. HP: 18/18 MP: 5/5
   645 | D:1      | Found a faded altar of an unknown god.
   895 | D:1      | Reached XP level 3. HP: 23/23 MP: 4/6
   902 | D:1      | Learned a level 2 spell: Wereblood
  1222 | D:2      | Found a shimmering altar of Xom.
  1437 | D:2      | Reached skill level 4 in Unarmed Combat
  1622 | D:2      | You fall into a shaft and drop 1 floor!
  1715 | D:3      | Noticed Robin
  1756 | D:3      | Killed Robin
  1757 | D:3      | Reached XP level 4. HP: 27/28 MP: 3/7
  2019 | D:3      | Found a stormy altar of Qazlal.
  2123 | D:3      | Reached XP level 5. HP: 21/33 MP: 8/8
  2267 | D:3      | Gained mutation: You expend magic power (3 MP) to
                  | strengthen your wands. [potion of mutation]
  2267 | D:3      | Gained mutation: You are partially covered in iridescent
                  | scales. (AC +2) [potion of mutation]
  2267 | D:3      | Succumbed to a scorpion's poison

Illustrated notes

Levels and vault maps discovered:
D:1:      psy_arrival_spokes, layout_loops_ring,
          hellmonk_ecumenical_altar_leap_of_faith, hex_medium,
          minmay_tetromino_s4
D:2:      layout_basic, serial_bayou, serial_bayou_shore_a,
          serial_bayou_lagoon_a, serial_bayou_ford_a, serial_bayou_crossing,
          basic_altar
D:3:      layout_basic, lemuel_crystal_altar, chequers_avenue, uniq_robin
D:4:      layout_cave_pools, gammafunk_temple_overflow_pools, bloody_makhleb,
          mainiacjoe_overflow_brackets, uniq_grinder

Skill      XL: |  1  2  3  4 |
---------------+-------------+-----
Unarmed Combat | 4 |  4.8
Transmutations | 3 |  3.2
Fighting       | |  1.0
Dodging        | |  2.0
Spellcasting   | |  2.0

Action                   |  1- 3 |  4- 6 || total
-------------------------+-------+-------++-------
Melee: Unarmed           |    82 |    37 ||   119
       Kick              |    15 |    10 ||    25
       Constrict         |    14 |    10 ||    24
       Punch             |     2 |     1 ||     3
       Tentacles         |     8 |     5 ||    13
 Cast: Beastly Appendage |    19 |     7 ||    26
       Wereblood         |     2 |     3 ||     5
  Use: Potion            |       |     1 ||     1
 Stab: Sleeping          |     9 |     1 ||    10
Armor: Skin              |     8 |     5 ||    13
Dodge: Dodged            |    50 |    20 ||    70

Table legend: (Time is in decaauts)
 A = Elapsed time spent in this place.
 B = Non-inter-level travel time spent in this place.
 C = Inter-level travel time spent in this place.
 D = Time resting spent in this place.
 E = Time spent auto-exploring this place.
 F = Levels seen in this place.
 G = Mean time per level.
                   A        B        C        D        E       F      G
               +--------+--------+--------+--------+--------+-----+--------+
         Total |   2258 |   2239 |     19 |    361 |   1529 |   4 |  564.5 |
       Dungeon |   2258 |   2239 |     19 |    361 |   1529 |   4 |  564.5 |
               +--------+--------+--------+--------+--------+-----+--------+

Top non-repeatable levels by time:
     D:1: 1152 daAuts
     D:3: 638 daAuts
     D:2: 466 daAuts
     D:4: 1 daAuts
